Unix NetHack Version 3.7.0-73 Work-in-progress - last build Feb 13 2023 23:22:17 (e889fd6b8cb55ddd886883d72e5aaabce8a889b2,branch:master). Game began 2023-02-14 16:37:32, ended 2023-02-14 16:43:43. Gandelf, neutral male human Monk --- --.-- |...-- --....-- |......| --....-- |-...-- |.....| ---.....---- ---- |.... .....| --..| |... ....| |...----..--r...-- --.........@r...| .....------r---- .<.0.| .....| .... .... -.- Gandelf the Novice St:14 Dx:14 Co:14 In:12 Wi:13 Ch:9 Neutral S:630 Dlvl:4 $:20 HP:0(32) Pw:19(19) AC:4 Xp:4/115 T:1064 Hungry Latest messages: You are beginning to feel hungry. A board beneath you squeaks a C note loudly. You hit the iguana! You miss the iguana. You kill the iguana! You descend the stairs. With great effort you move the boulder. You kill the gnome! Welcome to experience level 4. You see here a gnome corpse. The kitten eats a gnome corpse. With great effort you move the boulder. You hear some noises. You see here a bag. The bag is empty. B - an empty bag. What do you want to adjust? [a-tv-zAB or ?*] B Adjust letter to what [uB-Z] (? see used letters)? A Swapping: A - an empty bag. You hear crashing rock. The gnome king hits! You hit the gnome king! You hit the gnome king! The gnome king just misses! You hit the gnome king! You kill the gnome king! You see here a credit card. C - a credit card. You hear some noises. You hit the wererat! The wererat summons help! A sewer rat suddenly appears next to you! A rabid rat suddenly appears next to you! A rabid rat suddenly appears next to you! A sewer rat suddenly appears next to you! The wererat hits! You kill the wererat! The sewer rat bites! The rabid rat bites! The rabid rat bites! The sewer rat bites! You see here a wererat corpse. The sewer rat misses! The rabid rat bites! You die... Do you want your possessions identified? [ynq] (y) y Do you want to see your attributes? [ynq] (y) y Do you want an account of creatures vanquished? [ynaq] (y) y Do you want to see your conduct and achievements? [ynq] (y) y Do you want to see the dungeon overview? [ynq] (y) y Inventory: Coins $ - 20 gold pieces Amulets p - a cursed amulet versus poison Weapons o - a +0 short sword Armor a - an uncursed +2 pair of leather gloves (being worn) b - an uncursed +1 robe (being worn) Comestibles g - 6 uncursed apples f - 3 uncursed food rations B - an uncursed partly eaten food ration i - 3 uncursed fortune cookies h - 5 uncursed oranges Scrolls n - an uncursed scroll of create monster x - a blessed scroll of destroy armor k - 2 uncursed scrolls of enchant weapon v - a cursed scroll of enchant weapon w - an uncursed scroll of fire j - an uncursed scroll of identify d - an uncursed scroll of magic mapping Spellbooks c - a blessed spellbook of confuse monster q - an uncursed spellbook of detect monsters Potions r - an uncursed potion of enlightenment m - an uncursed diluted potion of see invisible e - 3 potions of unholy water Rings s - an uncursed ring of polymorph control y - an uncursed ring of protection from shape changers t - an uncursed ring of searching l - an uncursed ring of teleport control z - a cursed ring of teleportation Tools A - an empty uncursed oilskin sack C - an uncursed credit card Gandelf the Monk's attributes: Background: You were a Novice, a level 4 male human Monk. You were neutral, nominally on a mission for Chih Sung-tzu who was opposed by Shan Lai Ching (lawful) and Huan Ti (chaotic). You were in the Gnomish Mines, on level 4. You entered the dungeon 1064 turns ago. You had 115 experience points, 45 more were needed to attain level 5. Your score was 630 before end-of-game adjustments. Basics: You had 0 out of 32 hit points. You had all 19 energy points (spell power). Your armor class was 4. Your wallet contained 20 zorkmids. Autopickup was on for '$?!+/=' plus thrown. Final Characteristics: Your strength was 14 (limit:18/100). Your dexterity was 14 (limit:18). Your constitution was 14 (limit:18). Your intelligence was 12 (limit:18). Your wisdom was 13 (limit:18). Your charisma was 9 (limit:18). Final Status: You were hungry. You were unencumbered. You were empty handed. You had basic skill with martial arts. Final Attributes: You were devoutly aligned. You were sleep resistant. You were poison resistant. You saw invisible. You were guarded. You were fast. You are dead. Miscellaneous: You never encountered a bones level. Total elapsed playing time was 6 minutes and 11 seconds. Major events: Turn 1: Gandelf the neutral male human Monk entered the dungeon 472: attained the rank of Novice (level 3) 1003: entered the Gnomish Mines 1064: killed by a rabid rat Vanquished creatures: a gnome ruler a shrieker a wererat an iguana an acid blob 2 coyotes a yellow mold 2 gnomes a gnome zombie 3 jackals a kobold 3 goblins 7 grid bugs 3 lichens 3 newts 31 creatures vanquished. No species were genocided or became extinct. Voluntary challenges: You followed a strict vegan diet. You were an atheist. You never hit with a wielded weapon. You were illiterate. You never engraved Elbereth. You never genocided any monsters. You never polymorphed an object. You never changed form. You used no wishes. Achievements: You attained the rank of Novice. You entered the Gnomish Mines. The Dungeons of Doom: levels 1 to 4 Level 1: Level 2: Level 3: Stairs down to The Gnomish Mines. Level 4: The Gnomish Mines: Level 4: <- You were here. Final resting place for you, killed by a rabid rat. Game over: ---------- / \ / REST \ / IN \ / PEACE \ / \ | Gandelf | | 20 Au | | killed by a | | rabid rat | | | | | | 2023 | *| * * * | * _________)/\\_//(\/(/\)/\//\/|_)_______ Goodbye Gandelf the Monk... You died in The Gnomish Mines on dungeon level 4 with 628 points, and 20 pieces of gold, after 1064 moves. You were level 4 with a maximum of 32 hit points when you died.